 Dungeon Crawl Stone Soup version 0.24.0-2-g5b39cebb1c (console) character file.

Game seed: 1215539151537179498, levelgen mode: deterministic

121 AlterAsc the Magician (level 4, -12/25 HPs)
             Began as a Deep Elf Wizard on Oct 29, 2019.
             Killed by divine providence
             ... invoked by an orc priest
              (16 damage)
             ... on level 3 of the Dungeon.
             The game lasted 00:09:20 (2917 turns).

AlterAsc the Magician (Deep Elf Wizard)             Turns: 2917, Time: 00:09:20

Health: -12/25     AC:  2    Str:  5    XL:     4   Next: 76%
Magic:  0/13       EV: 13    Int: 23    God:
Gold:   112        SH:  0    Dex: 13    Spells: 10/13 levels left

rFire    . . .     SeeInvis .   o - +3 short sword
rCold    . . .     Gourm    .   (no shield)
rNeg     . . .     Faith    .   a - +0 robe
rPois    .         Spirit   .   b - +0 hat
rElec    .         Reflect  .   (no cloak)
rCorr    .         Harm     .   (no gloves)
MR       .....                  (no boots)
Stlth    ++........             (no amulet)
HPRegen  0.08/turn              j - +4 ring of slaying
MPRegen  0.13/turn              (no ring)

@: no status effects
A: no striking features
a: no special abilities


You were on level 3 of the Dungeon.
You were hungry.

You visited 1 branch of the dungeon, and saw 3 of its levels.

You collected 112 gold pieces.

Inventory:

Hand Weapons
 o - a +3 short sword (weapon)
 s - a +2 short sword of flaming
Armour
 a - a +0 robe (worn)
 b - a +0 hat (worn)
 u - a +0 plate armour
Jewellery
 j - a +4 ring of slaying (left hand)
Wands
 w - a wand of iceblast (8)
Scrolls
 h - 4 scrolls of teleportation {unknown}
 k - a scroll of blinking {unknown}
 m - 3 scrolls of identify {unknown}
Potions
 c - a potion of magic {unknown}
 e - a potion of might {unknown}
 f - a potion of agility {unknown}
 g - a potion of curing
 i - a potion of berserk rage {unknown}
 l - a potion of ambrosia {unknown}
 n - a potion of haste {unknown}
 p - 2 potions of cancellation {unknown}
 q - a potion of resistance {unknown}
 r - a potion of degeneration {unknown}
 t - a potion of lignification {unknown}
Comestibles
 d - 3 rations
 v - 2 chunks of flesh


   Skills:
 + Level 1.3 Fighting
 + Level 3.7 Dodging
 - Level 2.8 Stealth
 + Level 5.3 Spellcasting
 + Level 2.6 Conjurations
   Level 1.1 Summonings
 - Level 1.1 Translocations


You had 10 spell levels left.
You knew the following spells:

 Your Spells              Type           Power        Failure   Level  Hunger
a - Magic Dart            Conj           ###.         3%          1    None
b - Blink                 Tloc           N/A          9%          2    None

Your spell library contained the following spells:

 Spells                   Type           Power        Failure   Level  Hunger
 Call Imp                 Summ           ##......     9%          2    None
 Slow                     Hex            #.......     14%         2    None
 Conjure Flame            Conj/Fire      ##......     16%         3    ##.....
 Mephitic Cloud           Conj/Pois/Air  ##......     19%         3    ##.....


Dungeon Overview and Level Annotations

Branches:
Dungeon (3/15)

Altars:


Message History

Press: ? - help, Shift-Dir - straight line, f/p - orc priest
Aim: an orc priest, wearing a +0 scale mail (heavily wounded)
The magic dart hits the orc priest.
The orc priest is severely wounded.
The orc priest barely misses you.
Your magical contamination has completely faded away.
Casting: Magic Dart (safe; 3% risk of failure)
Confirm with . or Enter, or press ? or * to list all spells.
Aiming: Magic Dart (safe; 3% risk of failure)
Press: ? - help, Shift-Dir - straight line, f/p - orc priest
Aim: an orc priest, wearing a +0 scale mail (severely wounded)
The magic dart hits the orc priest but does no damage.
The orc priest is severely wounded.
The orc priest misses you.
You barely miss the orc priest.
The orc priest is heavily wounded.
The orc priest calls down the wrath of Beogh upon you.
Beogh smites you!
Ouch! That really hurt!
You die...

##################
..........÷......#
################.#
#.# #.# #.# #.#
#.# #@# # #o# ## #
#.# . .## #.# .
.... ..# ##....#
### ....... #
#≈≈≈≈≈≈≈≈##


You could see an orc priest.

Vanquished Creatures
  6 adders
  A dart slug (D:1)
  2 leopard geckos (D:1)
  10 orcs
  3 giant cockroaches
  5 goblins
  6 hobgoblins
  3 jackals (D:1)
  4 kobolds
  A quokka (D:2)
  4 bats
  3 frilled lizards
  4 rats
52 creatures vanquished.

Notes
Turn   | Place    | Note
-------+----------+-------------------------------------------
     0 | D:1      | AlterAsc the Deep Elf Wizard began the quest for the Orb.
     0 | D:1      | Reached XP level 1. HP: 10/10 MP: 7/7
   299 | D:1      | Reached XP level 2. HP: 15/15 MP: 6/9
   305 | D:1      | Learned a level 2 spell: Blink
  1057 | D:1      | Reached XP level 3. HP: 20/20 MP: 8/11
  1486 | D:2      | Reached skill level 5 in Spellcasting
  1734 | D:2      | Reached skill level 1 in Fighting
  1988 | D:2      | HP: 1/20 [orc/+0 club (5)]
  2490 | D:3      | Reached XP level 4. HP: 21/25 MP: 9/13
  2917 | D:3      | Killed from afar by an orc priest

Levels and vault maps discovered:
D:1:      sevenhm_arrival_forest_fort_large_4, layout_loops_corners,
          hangedman_feature_mirror
D:2:      layout_loops_ring, minmay_misc_feat_iff
D:3:      kennysheep_big_flooded_room, layout_basic, kennysheep_slug_shrine,
          portal_sewer_entry_e, first_ration

Skill      XL: |  1  2  3 |
---------------+----------+-----
Dodging        | 3 |  3.7
Conjurations   | 2 |  2.6
Spellcasting   | 5 |  5.3
Fighting       | 1 |  1.3
Stealth        | |  2.8
Summonings     | |  1.1
Translocations | |  1.1

Action                   |  1- 3 |  4- 6 || total
-------------------------+-------+-------++-------
Melee: Short sword       |     6 |    11 ||    17
 Cast: Magic Dart        |    90 |    54 ||   144
       Blink             |     2 |       ||     2
  Eat: Chunk             |     5 |       ||     5
Armor: Robe              |     2 |     4 ||     6
Dodge: Dodged            |    16 |    16 ||    32
